AoeStats
← cabrilloESP

Oasis

508955230Analyzed
4v4 RM · 6d ago on Sep 24, 2026· 40m 46s· 8 players
Game mode
Random Map
Map size
Large (8 player)
Population
200
Speed
Normal
Resources
Standard
Victory
Conquest
Starting age
Dark Age
Ending age
Imperial Age
RankedLock teamsTeams togetherTeam positionsShared explorationLock speedFull tech treeHidden civsTurbo modeCheats
Victory
Defeat
🇺🇸 Danes · United States
1354
+12
🇨🇦 Romans · Canada
1349
+13
🇨🇴 Ethiopians · Colombia
1195
+19
🇨🇱 Mongols · Chile
1148
+21
🇪🇸 Danes · Spain
1334
-19
🇪🇸 Varangians · Spain
1296
-17
🇪🇸 Teutons · Spain
1249
-16
🇪🇸 Vietnamese · Spain
1178
-13
LRNI_Thegar
9:51 Feudal Age
8:44 Loom
12:36 Double-Bit Axe
13:35 Horse Collar
15:59 Fletching
16:10 Padded Archer Armor
20:49 Wheelbarrow
20:23 Gold Mining
23:37 Castle Age
24:14 Crossbowman
25:00 Thumb Ring
25:40 Bow Saw
26:20 Stone Mining
27:18 Ballistics
32:18 Imperial Age
33:04 Bodkin Arrow
33:25 Leather Archer Armor
32:34 Arbalester
34:41 Chemistry
36:43 Gold Shaft Mining
41:05 Bracer
LRNI MarinM
7:21 Loom
9:44 Feudal Age
9:46 Man-at-Arms
10:30 Double-Bit Axe
11:13 Arson
16:02 Scale Mail Armor
18:20 Forging
21:23 Horse Collar
26:58 Castle Age
25:52 Fletching
26:03 Padded Archer Armor
25:58 Gold Mining
28:20 Squires
28:06 Gambesons
28:19 Bodkin Arrow
28:03 Elite Skirmisher
30:12 Leather Archer Armor
29:50 Pikeman
33:01 Ballistics
36:28 Iron Casting
41:08 Chain Mail Armor
41:59 Wheelbarrow
LRNI_Bélico
5:43 Loom
8:51 Feudal Age
9:19 Double-Bit Axe
9:17 Horse Collar
10:23 Horse Collar
16:41 Wheelbarrow
20:33 Castle Age
18:59 Scale Barding Armor
19:33 Bloodlines
19:59 Forging
19:44 Gold Mining
21:28 Bow Saw
21:52 Chain Barding Armor
23:32 Heavy Plow
23:22 Town Watch
27:10 Hand Cart
29:36 Husbandry
30:35 Stone Mining
31:20 Gold Shaft Mining
30:58 Light Cavalry
37:36 Imperial Age
36:27 Iron Casting
36:39 Fervor
38:55 Plate Barding Armor
37:42 Cavalier
39:00 Crop Rotation
39:03 Conscription
38:07 Elite Centurion
LRNI | Moises
6:50 Loom
9:01 Feudal Age
9:58 Double-Bit Axe
12:21 Wheelbarrow
12:34 Horse Collar
13:25 Fletching
25:16 Castle Age
23:29 Gold Mining
23:51 Padded Archer Armor
26:06 Forging
26:13 Bodkin Arrow
26:50 Thumb Ring
28:05 Bow Saw
29:49 Bloodlines
32:00 Ballistics
32:16 Husbandry
38:03 Leather Archer Armor
38:10 Hand Cart
37:48 Town Watch
alvaroninosampe
4:28 Loom
9:53 Feudal Age
10:49 Town Watch
18:34 Castle Age
16:46 Horse Collar
26:06 Gold Mining
30:54 Imperial Age
28:53 Forging
30:15 Wheelbarrow
32:59 Conscription
32:20 Cavalier
33:12 Bloodlines
34:13 Ballistics
pablo_smt21
4:47 Loom
12:02 Feudal Age
12:48 Horse Collar
14:44 Wheelbarrow
14:10 Double-Bit Axe
16:47 Gold Mining
18:27 Fletching
18:38 Padded Archer Armor
25:01 Castle Age
25:08 Crossbowman
26:31 Thumb Ring
27:00 Leather Archer Armor
27:30 Bodkin Arrow
28:54 Ballistics
29:02 Hand Cart
29:56 Heavy Plow
30:23 Bow Saw
30:39 Elite Skirmisher
38:02 Murder Holes
39:32 Pikeman
40:42 Forging
40:37 Scale Barding Armor
40:36 Scale Mail Armor
danielninosampe
2:21 Loom
9:44 Feudal Age
10:27 Double-Bit Axe
11:58 Bloodlines
14:35 Forging
22:52 Castle Age
21:14 Fletching
21:49 Padded Archer Armor
22:44 Scale Barding Armor
26:39 Bodkin Arrow
30:16 Wheelbarrow
30:40 Ballistics
35:10 Husbandry
41:04 Imperial Age
cabrilloESP
3:50 Loom
10:29 Feudal Age
11:02 Double-Bit Axe
10:51 Man-at-Arms
14:14 Arson
16:27 Scale Mail Armor
25:59 Castle Age
24:22 Horse Collar
24:38 Gold Mining
26:59 Town Watch
27:34 Bow Saw
28:02 Stone Mining
29:24 Heavy Plow
31:52 Fletching
Connection lost

Rejoining the realm…

Still unreachable

The connection could not be restored.

Session expired

The server has moved on; the page needs a fresh start.